 Dungeon Crawl Stone Soup version 0.23.0-3-gf3c87f2df8 (webtiles) character file.

Game seed: 7725974356067403933

19 Ivernyr the Insei (level 2, -2/21 HPs)
             Began as a Vine Stalker Transmuter on Feb 22, 2019.
             Slain by an adder (4 damage)
             ... on level 2 of the Dungeon.
             The game lasted 00:02:48 (1359 turns).

Ivernyr the Insei (Vine Stalker Transmuter)         Turns: 1359, Time: 00:02:48

Health: -2/21      AC:  2    Str: 17    XL:     2   Next: 75%
Magic:  0/6        EV: 12    Int: 13    God:
Gold:   78         SH:  0    Dex: 14    Spells: 2/5 levels left

rFire    . . .     SeeInvis .     - Unarmed
rCold    . . .     Gourm    .   (no shield)
rNeg     . . .     Faith    .   b - +0 robe
rPois    +         Spirit   +   (no helmet)
rElec    .         Reflect  .   (no cloak)
rCorr    .         Harm     .   (no gloves)
MR       .....                  (no boots)
Stlth    ..........             m - amulet of rage
HPRegen  0.07/turn              c - ring of poison resistance
MPRegen  0.10/turn              (no ring)

@: berserking, appendage, starving, very quick
A: fangs 2, horns 2, magic shield, antimagic bite, no potion heal 3, rot
immunity
a: End Transformation, Evoke Berserk Rage


You were on level 2 of the Dungeon.
You were starving.
You had grown temporary horns.
You visited 1 branch of the dungeon, and saw 2 of its levels.

You collected 78 gold pieces.

Inventory:

Missiles
 a - 25 arrows
Armour
 b - a +0 robe (worn)
Jewellery
 c - a ring of poison resistance (left hand)
 m - an amulet of rage (around neck)
Scrolls
 g - 3 scrolls of identify {unknown}
 i - 2 scrolls of teleportation {unknown}
 j - a scroll of remove curse {unknown}
 l - a scroll of enchant armour {unknown}
Potions
 e - a potion of flight {unknown}
 f - 2 potions of lignification {unknown}
 h - a potion of heal wounds {unknown}
 k - a potion of cancellation {unknown}
Comestibles
 d - 7 rations


   Skills:
 - Level 0.8 Fighting
 + Level 1.8 Dodging
 + Level 3.2 Unarmed Combat
 + Level 2.4 Spellcasting
 * Level 2.5 Transmutations


You had 2 spell levels left.
You knew the following spells:

 Your Spells              Type           Power        Failure   Level  Hunger
a - Beastly Appendage     Tmut           #.....       9%          1    #......
b - Sticks to Snakes      Tmut           #.......     13%         2    ###....

Your spell library contained the following spells:

 Spells                   Type           Power        Failure   Level  Hunger
 Spider Form              Tmut/Pois      #.........   41%         3    ###....
 Ice Form                 Ice/Tmut       #.......     82%         4    #####..
 Blade Hands              Tmut           #.........   94%         5    ######.


Dungeon Overview and Level Annotations

Branches:
Dungeon (2/15)

Altars:
The Shining One


Innate Abilities, Weirdness & Mutations

You have extremely sharp teeth.
When hurt, damage is shared between your health and your magic reserves.
Your bite disrupts and absorbs the magic of your enemies.
Potions cannot restore your health.
You are immune to rotting.
You have a pair of horns on your head.


Message History

You grow a pair of large bovine horns.
The adder barely misses you.
A red film seems to cover your vision as you go berserk!
You feel yourself moving faster!
You feel mighty!
You are starving!
The adder bites you.
* * * LOW HITPOINT WARNING * * *
You closely miss the adder. Your bite misses the adder. The adder bites you.
* * * LOW HITPOINT WARNING * * *
You completely miss the adder. You headbutt the adder.
The adder is severely wounded.
The adder bites you.
* * * LOW HITPOINT WARNING * * *
You closely miss the adder. Your headbutt misses the adder.
Your bite misses the adder.
The adder is severely wounded.
The adder bites you but does no damage.
You miss the adder.
The adder is severely wounded.
The adder bites you.
You die...

#. #...[...# .........
#.###.w.....# #.###.....
#.#......?..# #...[.....
#...........# .###.....
#.........# #.......
#..##...#.# . ....#......
#....(..%.# .##. ##..###
##.###.#####....># ##.#
#.# #.gS@.....##.###..#
#.# #..#####...##.#.#.#
#.###..# #...##...#.#
#.#....# ###...#......#
#.#.#..###.#........^.#
#.#.#.###.....##...>..#
#...................#....
###.#.###...#.#########..
#........##........ .#


You could see an adder and a goblin.

Vanquished Creatures
  2 goblins (D:1)
  2 hobgoblins (D:1)
  3 jackals (D:1)
  2 bats
  2 frilled lizards (D:1)
  5 kobolds
  A rat (D:1)
17 creatures vanquished.

Notes
Turn   | Place    | Note
-------+----------+-------------------------------------------
     0 | D:1      | Ivernyr the Vine Stalker Transmuter began the quest for the
                  | Orb.
     0 | D:1      | Reached XP level 1. HP: 9/9 MP: 4/4
   319 | D:1      | Reached XP level 2. HP: 8/14 MP: 6/6
   457 | D:1      | Learned a level 2 spell: Sticks to Snakes
   557 | D:1      | Found a glowing golden altar of the Shining One.
  1359 | D:2      | Slain by an adder

Action                   || total
-------------------------++-------
Melee: Unarmed           ||    52
       Bite              ||    12
       Headbutt          ||     1
       Punch             ||     1
 Cast: Beastly Appendage ||     1
 Abil: Evoke Berserk Rag ||     1
Armor: Robe              ||     8
Dodge: Dodged            ||    42
